 Dungeon Crawl Stone Soup version 0.27-a0-1189-gb8eb6cee8e (webtiles) character file.

Game seed: 14923471179401725709

2 freelancePsychic the Shield-Bearer (level 1, -7/11 HPs)
             Began as a Vine Stalker Fighter on May 23, 2021.
             Succumbed to a kobold's poison
             ... on level 1 of the Dungeon.
             The game lasted 00:00:31 (308 turns).

freelancePsychic the Shield-Bearer (VSFi)            Turns: 308, Time: 00:00:32

Health: -7/11      AC: 11    Str: 18    XL:     1   Next: 40%
Magic:  1/2        EV:  2    Int:  8    God:
Gold:   0          SH:  9    Dex: 13    Spells: 0/0 levels left

rFire    . . .     SeeInvis .   a - +0 rapier
rCold    . . .     Faith    .   c - +0 kite shield
rNeg     . . .     Spirit   +   f - +0 plate armour
rPois    .         Reflect  .   (no helmet)
rElec    .         Harm     .   (no cloak)
rCorr    .         Rampage  .   (no gloves)
Will     .....                  (no boots)
Stlth    ..........             (no amulet)
HPRegen  0.03/turn              (no ring)
MPRegen  0.08/turn              (no ring)

@: lethally poisoned (-7 -> -39)
A: fangs 2, magic shield, antimagic bite, no potion heal 2
a: no special abilities


You were on level 1 of the Dungeon.
You visited 1 branch of the dungeon, and saw 1 of its levels.

Inventory:

Hand Weapons
 a - a +0 rapier (weapon)
Missiles
 h - 2 throwing nets (quivered)
Armour
 b - a +0 scale mail
 c - a +0 kite shield (worn)
 f - a +0 plate armour (worn)
Scrolls
 e - a scroll of blinking {unknown}
 g - a scroll of teleportation {unknown}
Potions
 d - a potion of might


   Skills:
 + Level 2.7 Fighting
 * Level 1.9 Short Blades
 + Level 2.4 Armour
 + Level 2.7 Shields


You couldn't memorise any spells.
You didn't know any spells.
Your spell library contained the following spells:

 Spells                   Type           Power      Damage    Failure   Level
 Magic Dart               Conj           0%         1d3       100%        1
 Searing Ray              Conj           0%         3d3       100%        2
 Dazzling Flash           Conj/Hex       0%         N/A       100%        3
 Fulminant Prism          Conj/Hex       0%         3d6       100%        4
 Iskenderun's Mystic Bla  Conj/Tloc      0%         2d3       100%        4


Dungeon Overview and Level Annotations

Branches:
Dungeon (1/15)

Altars:


Innate Abilities, Weirdness & Mutations

You have extremely sharp teeth.
When hurt, damage is shared between your health and your magic reserves.
Your bite disrupts and absorbs the magic of your enemies.
Potions cannot restore your health.


Message History

No target in view!
No target in view!
Magic restored.
g - a scroll labelled KOZASCH COJIXIA
h - 2 throwing nets A kobold comes into view.
It is wielding a +1 short sword of venom.
The kobold shouts!
A goblin comes into view. It is wielding a +0 club.
The goblin shouts!
You hear an angry hiss.
The kobold throws a stone.
You block the stone.
The kobold throws a stone.
You block the stone.
The kobold hits you with a +1 short sword of venom.
You are lethally poisoned!
You miss the kobold. You bite the kobold, but do no damage.
You feel very sick. You block the goblin's attack.
The kobold hits you but does no damage.
You are more poisoned.
The goblin hits you but does no damage.
You are too injured to fight recklessly!
You are too injured to fight recklessly!
You are too injured to fight recklessly!
You are too injured to fight recklessly!
You are too injured to fight recklessly!
You are too injured to fight recklessly!
You are too injured to fight recklessly!
You are too injured to fight recklessly!
You are too injured to fight recklessly!
You are too injured to fight recklessly!
You hit the kobold.
The kobold is moderately wounded.
* * * LOW HITPOINT WARNING * * *
You feel very sick. The kobold hits you but does no damage.
You are more poisoned.
You block the goblin's attack. The kobold hits you but does no damage.
You are more poisoned.
You barely miss the kobold. Your bite misses the kobold.
The kobold is moderately wounded.
Ouch! That really hurt!
You die...

##...#.#
#.###......####
#.##..........
#............
#.##.......# ####
#^# #.....# ...#
#.# #.Kg# ##.# #.#
#@#
##.#######.#####.#
.................#
##################


You could see a goblin and a kobold.

Vanquished Creatures
  2 quokkas (D:1)
2 creatures vanquished.

Notes
Turn   | Place    | Note
-------+----------+-------------------------------------------
     0 | D:1      | freelancePsychic the Vine Stalker Fighter began the quest
                  | for the Orb.
     0 | D:1      | Reached XP level 1. HP: 11/11 MP: 2/2
   308 | D:1      | Succumbed to a kobold's poison

Illustrated notes

Levels and vault maps discovered:
D:1:      dpeg_arrival_snail, layout_loops_ring, serial_shops, shop

Action                   || total
-------------------------++-------
Melee: Rapier            ||    13
       Bite              ||     2
Armor: Plate armour      ||    10
Dodge: Dodged            ||     1
Block: Kite shield       ||     9

Table legend: (Time is in decaauts)
 A = Elapsed time spent in this place.
 B = Non-inter-level travel time spent in this place.
 C = Inter-level travel time spent in this place.
 D = Time resting spent in this place.
 E = Time spent auto-exploring this place.
 F = Levels seen in this place.
 G = Mean time per level.
                   A        B        C        D        E       F      G
               +--------+--------+--------+--------+--------+-----+--------+
         Total |    312 |    312 |      0 |      0 |    265 |   1 |  312.0 |
       Dungeon |    312 |    312 |      0 |      0 |    265 |   1 |  312.0 |
               +--------+--------+--------+--------+--------+-----+--------+

Top non-repeatable levels by time:
     D:1: 312 daAuts
